[ PARTIDA AOE2 · #476448671 ]
UnrankedLituanos vs Lithuanians
Equipo del jugador · VICT
Equipo rival · DERR
[ ANÁLISIS DE REPETICIÓN · EXTRAÍDO DE LA PARTIDA GRABADA ]
Feudal
8:55
Castillos
24:39
Imperial
—
| APM promedio | 45.0 |
| APM pico | 97 |
| eAPM promedio | 22.4 |
| Aldeanos / militares | 65 / 50 |
Foco
⚔️ 38.7% · 🌾 61.3%
Cavalry Archer ×17 · Archer ×15 · Spearman ×10 · Knight ×6 · Mangonel ×1 · Scorpion ×1
Feudal
—
Castillos
—
Imperial
—
| APM promedio | 40.2 |
| APM pico | 83 |
| eAPM promedio | 15.9 |
| Aldeanos / militares | 71 / 41 |
Foco
⚔️ 29.0% · 🌾 71.0%
Knight ×14 · Scout Cavalry ×14 · Mangonel ×4 · Monk ×3 · Scorpion ×2 · Fire Galley ×2
Mapa de la partida
Recursos iniciales + cada clic de construcción. Líneas = muros · curvas = relieve. ◆ oro · ⬟ piedra · ● bayas · ✦ reliquia · ◌ hueco del cierre
Tu base· ✓ Cerrada en 24:39 · 13t muro · 2 puerta(s)
Base de Bachicha val· Abierta — flanco sin cerrar
Terreno inicial suavizado · ◌ = hueco del cierre detectado · pasá el cursor para detalles
Inputs por minuto
— WolfPaladin - - Bachicha val
Build order — WolfPaladin
Primeras 150 de 207 acciones detectadas
| 0:01 | Crear | Villager (Male) |
| 0:01 | Crear | Villager (Male) |
| 0:02 | Construir | House |
| 0:03 | Construir | House |
| 0:05 | Crear | Villager (Male) |
| 0:05 | Crear | Villager (Male) |
| 0:18 | Crear | Villager (Male) |
| 0:24 | Crear | Villager (Male) |
| 1:15 | Construir | Lumber Camp |
| 1:43 | Crear | Villager (Male) |
| 1:43 | Crear | Villager (Male) |
| 2:23 | Crear | Villager (Male) |
| 3:10 | Crear | Villager (Male) |
| 3:20 | Construir | House |
| 3:49 | Crear | Villager (Male) |
| 3:49 | Crear | Villager (Male) |
| 3:54 | Crear | Villager (Male) |
| 4:03 | Construir | Mill |
| 4:21 | Crear | Villager (Male) |
| 4:38 | Crear | Villager (Male) |
| 4:55 | Crear | Villager (Male) |
| 5:23 | Construir | House |
| 5:37 | Crear | Villager (Male) |
| 5:51 | Investigar | Loom |
| 6:45 | Investigar | Feudal Age |
| 6:46 | Investigar | Feudal Age |
| 7:03 | Construir | Barracks |
| 7:55 | Construir | Mining Camp |
| 8:02 | Construir | House |
| 8:03 | Construir | Palisade Wall |
| 8:18 | Crear | Villager (Male) |
| 8:51 | Crear | Villager (Male) |
| 8:55 | Edad | Edad Feudal |
| 8:57 | Construir | Archery Range |
| 9:05 | Investigar | Double-Bit Axe |
| 9:07 | Crear | Villager (Male) |
| 9:39 | Crear | Archer |
| 9:39 | Crear | Archer |
| 9:42 | Crear | Spearman |
| 10:05 | Crear | Villager (Male) |
| 10:34 | Crear | Archer |
| 10:34 | Crear | Archer |
| 10:42 | Construir | Palisade Gate |
| 10:58 | Crear | Villager (Male) |
| 11:01 | Construir | House |
| 11:09 | Crear | Archer |
| 11:17 | Construir | Blacksmith |
| 11:19 | Construir | Palisade Wall |
| 11:27 | Construir | Archery Range |
| 11:33 | Crear | Archer |
| 11:48 | Crear | Villager (Male) |
| 11:51 | Crear | Villager (Male) |
| 12:38 | Crear | Archer |
| 12:39 | Crear | Archer |
| 12:40 | Crear | Archer |
| 12:53 | Construir | House |
| 12:56 | Crear | Villager (Male) |
| 13:00 | Investigar | Fletching |
| 13:01 | Crear | Villager (Male) |
| 13:05 | Construir | House |
| 13:07 | Construir | House |
| 13:09 | Construir | House |
| 13:10 | Construir | House |
| 13:12 | Construir | Palisade Wall |
| 13:13 | Construir | Palisade Wall |
| 13:31 | Crear | Spearman |
| 13:33 | Crear | Archer |
| 13:48 | Crear | Archer |
| 13:54 | Construir | Palisade Gate |
| 13:56 | Construir | Palisade Wall |
| 13:57 | Crear | Villager (Male) |
| 14:00 | Construir | Palisade Wall |
| 14:03 | Construir | House |
| 14:25 | Crear | Villager (Male) |
| 14:35 | Construir | Palisade Wall |
| 14:41 | Construir | Farm |
| 14:41 | Crear | Villager (Male) |
| 14:44 | Crear | Archer |
| 14:46 | Crear | Villager (Male) |
| 14:59 | Crear | Spearman |
| 15:01 | Crear | Spearman |
| 15:43 | Construir | House |
| 15:46 | Construir | House |
| 15:52 | Crear | Spearman |
| 16:05 | Crear | Archer |
| 16:06 | Crear | Villager (Male) |
| 16:09 | Construir | Farm |
| 16:10 | Construir | Farm |
| 16:11 | Construir | Farm |
| 16:12 | Construir | Farm |
| 16:13 | Construir | Farm |
| 16:14 | Construir | Farm |
| 16:15 | Construir | Farm |
| 16:17 | Construir | Farm |
| 16:25 | Construir | Lumber Camp |
| 16:43 | Crear | Archer |
| 16:45 | Crear | Archer |
| 17:14 | Construir | Farm |
| 17:17 | Construir | Farm |
| 17:19 | Crear | Villager (Male) |
| 17:44 | Construir | Farm |
| 17:54 | Construir | Farm |
| 17:59 | Investigar | Padded Archer Armor |
| 18:07 | Crear | Villager (Male) |
| 18:15 | Construir | Farm |
| 18:18 | Construir | Farm |
| 18:21 | Construir | Farm |
| 18:23 | Crear | Villager (Male) |
| 18:26 | Construir | House |
| 18:32 | Construir | House |
| 18:34 | Crear | Spearman |
| 18:42 | Construir | Palisade Wall |
| 18:45 | Crear | Spearman |
| 18:55 | Crear | Spearman |
| 18:56 | Crear | Spearman |
| 19:12 | Construir | Farm |
| 19:37 | Construir | Farm |
| 19:38 | Crear | Spearman |
| 19:54 | Crear | Villager (Male) |
| 19:58 | Crear | Villager (Male) |
| 20:33 | Construir | Market |
| 20:33 | Crear | Villager (Male) |
| 21:00 | Crear | Villager (Male) |
| 21:05 | Construir | Farm |
| 21:07 | Construir | Farm |
| 21:59 | Investigar | Castle Age |
| 22:04 | Construir | Stable |
| 22:10 | Construir | Farm |
| 22:23 | Investigar | Scale Barding Armor |
| 22:48 | Investigar | Forging |
| 23:10 | Construir | Archery Range |
| 23:14 | Investigar | Bloodlines |
| 24:11 | Construir | House |
| 24:27 | Investigar | Gold Mining |
| 24:39 | Edad | Edad de los Castillos |
| 24:44 | Crear | Cavalry Archer |
| 24:44 | Crear | Cavalry Archer |
| 24:45 | Crear | Cavalry Archer |
| 24:51 | Crear | Cavalry Archer |
| 24:51 | Crear | Cavalry Archer |
| 24:52 | Crear | Cavalry Archer |
| 24:56 | Investigar | Husbandry |
| 24:58 | Investigar | Bow Saw |
| 24:59 | Crear | Villager (Male) |
| 25:00 | Crear | Villager (Male) |
| 25:07 | Investigar | Horse Collar |
| 25:15 | Crear | Cavalry Archer |
| 25:15 | Crear | Cavalry Archer |
| 25:29 | Crear | Villager (Male) |
| 25:45 | Investigar | Leather Archer Armor |
Build order — Bachicha val
Primeras 150 de 220 acciones detectadas
| 0:01 | Crear | Villager (Male) |
| 0:02 | Crear | Villager (Male) |
| 0:02 | Crear | Villager (Male) |
| 0:04 | Construir | House |
| 0:06 | Construir | House |
| 0:39 | Crear | Villager (Male) |
| 1:09 | Construir | Lumber Camp |
| 1:32 | Crear | Villager (Male) |
| 1:33 | Crear | Villager (Male) |
| 2:16 | Crear | Villager (Male) |
| 2:31 | Crear | Villager (Male) |
| 3:09 | Construir | Dock |
| 3:15 | Construir | House |
| 3:18 | Crear | Villager (Male) |
| 3:34 | Crear | Villager (Male) |
| 3:39 | Construir | Palisade Wall |
| 3:39 | Construir | Palisade Wall |
| 4:01 | Crear | Villager (Male) |
| 4:06 | Crear | Fishing Ship |
| 4:41 | Crear | Villager (Male) |
| 4:59 | Crear | Villager (Male) |
| 5:21 | Crear | Villager (Male) |
| 5:23 | Construir | House |
| 5:38 | Crear | Villager (Male) |
| 6:03 | Crear | Villager (Male) |
| 6:29 | Crear | Villager (Male) |
| 6:47 | Crear | Villager (Male) |
| 7:13 | Investigar | Loom |
| 7:20 | Construir | Mining Camp |
| 7:38 | Construir | Barracks |
| 7:39 | Construir | Palisade Wall |
| 7:53 | Investigar | Feudal Age |
| 8:01 | Construir | Palisade Wall |
| 8:05 | Construir | Palisade Wall |
| 8:29 | Construir | House |
| 9:14 | Crear | Villager (Male) |
| 9:56 | Crear | Villager (Male) |
| 10:13 | Construir | Stable |
| 10:14 | Investigar | Double-Bit Axe |
| 10:16 | Crear | Spearman |
| 10:34 | Crear | Villager (Male) |
| 10:50 | Crear | Villager (Male) |
| 11:00 | Construir | Blacksmith |
| 11:04 | Crear | Scout Cavalry |
| 11:04 | Crear | Scout Cavalry |
| 11:04 | Crear | Scout Cavalry |
| 11:09 | Construir | Palisade Wall |
| 11:36 | Construir | Mill |
| 11:38 | Crear | Villager (Male) |
| 12:00 | Construir | House |
| 12:04 | Investigar | Town Watch |
| 12:20 | Crear | Galley |
| 12:33 | Crear | Scout Cavalry |
| 12:50 | Construir | Watch Tower |
| 12:52 | Construir | Lumber Camp |
| 12:56 | Crear | Scout Cavalry |
| 13:05 | Construir | House |
| 13:11 | Crear | Villager (Male) |
| 13:45 | Crear | Scout Cavalry |
| 13:51 | Construir | House |
| 13:58 | Construir | House |
| 13:59 | Construir | Palisade Wall |
| 14:07 | Crear | Villager (Male) |
| 14:08 | Crear | Villager (Male) |
| 14:12 | Construir | Farm |
| 14:13 | Construir | Farm |
| 14:14 | Construir | Farm |
| 14:16 | Construir | Farm |
| 14:42 | Crear | Villager (Male) |
| 14:47 | Construir | Farm |
| 15:01 | Construir | Farm |
| 15:03 | Investigar | Forging |
| 15:11 | Construir | Farm |
| 15:24 | Crear | Villager (Male) |
| 15:28 | Construir | Palisade Wall |
| 15:29 | Construir | Palisade Wall |
| 16:01 | Crear | Villager (Male) |
| 16:16 | Construir | Farm |
| 16:17 | Construir | Farm |
| 16:18 | Construir | Farm |
| 16:20 | Construir | Farm |
| 16:23 | Construir | Farm |
| 16:30 | Crear | Scout Cavalry |
| 16:40 | Construir | House |
| 16:54 | Crear | Villager (Male) |
| 16:58 | Construir | Farm |
| 17:17 | Crear | Villager (Male) |
| 17:23 | Construir | Market |
| 17:27 | Construir | Palisade Wall |
| 17:37 | Crear | Villager (Male) |
| 17:48 | Crear | Villager (Male) |
| 18:00 | Crear | Villager (Male) |
| 18:06 | Construir | House |
| 18:20 | Crear | Villager (Male) |
| 18:29 | Construir | House |
| 18:44 | Crear | Villager (Male) |
| 18:50 | Construir | Farm |
| 18:51 | Construir | Farm |
| 18:52 | Construir | Farm |
| 19:17 | Crear | Scout Cavalry |
| 19:32 | Investigar | Fletching |
| 19:57 | Construir | Mining Camp |
| 20:09 | Crear | Villager (Male) |
| 20:24 | Crear | Villager (Male) |
| 21:13 | Investigar | Castle Age |
| 21:14 | Investigar | Castle Age |
| 21:14 | Investigar | Castle Age |
| 21:52 | Crear | Scout Cavalry |
| 22:06 | Construir | Stable |
| 22:24 | Investigar | Bloodlines |
| 22:32 | Construir | House |
| 22:34 | Crear | Villager (Male) |
| 22:49 | Crear | Scout Cavalry |
| 23:12 | Investigar | Scale Barding Armor |
| 23:12 | Investigar | Scale Barding Armor |
| 23:13 | Investigar | Scale Barding Armor |
| 23:16 | Construir | Mining Camp |
| 23:38 | Crear | Scout Cavalry |
| 23:38 | Crear | Scout Cavalry |
| 24:07 | Crear | Scout Cavalry |
| 24:07 | Crear | Scout Cavalry |
| 24:12 | Crear | Villager (Male) |
| 24:44 | Construir | Town Center |
| 24:54 | Construir | Siege Workshop |
| 24:56 | Crear | Knight |
| 24:56 | Crear | Knight |
| 24:56 | Crear | Knight |
| 24:58 | Crear | Villager (Male) |
| 25:00 | Construir | Farm |
| 25:04 | Construir | House |
| 25:06 | Construir | Farm |
| 25:16 | Construir | Mining Camp |
| 25:29 | Crear | Villager (Male) |
| 25:34 | Investigar | Light Cavalry (upgrade) |
| 25:35 | Crear | Villager (Male) |
| 25:44 | Construir | Farm |
| 25:47 | Construir | House |
| 25:54 | Crear | Knight |
| 26:02 | Construir | Lumber Camp |
| 26:09 | Crear | Villager (Male) |
| 26:09 | Crear | Villager (Male) |
| 26:12 | Construir | Farm |
| 26:12 | Construir | Farm |
| 26:12 | Construir | Farm |
| 26:13 | Construir | Farm |
| 26:20 | Crear | Villager (Male) |
| 26:21 | Crear | Villager (Male) |
| 26:29 | Crear | Mangonel |
| 26:29 | Crear | Mangonel |
| 26:29 | Crear | Mangonel |
Cronología de la partida
| 3:09 | Bachicha val · first_building Dock |
| 3:39 | Bachicha val · wall_segment Palisade Wall x1 |
| 3:39 | Bachicha val · wall_segment Palisade Wall x1 |
| 7:03 | WolfPaladin · first_building Barracks |
| 7:38 | Bachicha val · first_building Barracks |
| 7:39 | Bachicha val · wall_segment Palisade Wall x1 |
| 8:01 | Bachicha val · wall_segment Palisade Wall x1 |
| 8:03 | WolfPaladin · wall_segment Palisade Wall x1 |
| 8:05 | Bachicha val · wall_segment Palisade Wall x1 |
| 8:55 | WolfPaladin · age_up feudal |
| 8:57 | WolfPaladin · first_building Archery Range |
| 10:13 | Bachicha val · first_building Stable |
| 11:09 | Bachicha val · wall_segment Palisade Wall x1 |
| 11:19 | WolfPaladin · wall_segment Palisade Wall x1 |
| 13:12 | WolfPaladin · wall_segment Palisade Wall x1 |
| 13:13 | WolfPaladin · wall_segment Palisade Wall x1 |
| 13:56 | WolfPaladin · wall_segment Palisade Wall x1 |
| 13:59 | Bachicha val · wall_segment Palisade Wall x1 |
| 14:00 | WolfPaladin · wall_segment Palisade Wall x6 |
| 14:35 | WolfPaladin · wall_segment Palisade Wall x1 |
| 15:28 | Bachicha val · wall_segment Palisade Wall x1 |
| 15:29 | Bachicha val · wall_segment Palisade Wall x1 |
| 17:27 | Bachicha val · wall_segment Palisade Wall x5 |
| 18:10 | Bachicha val · first_market_buy 100 food |
| 18:42 | WolfPaladin · wall_segment Palisade Wall x1 |
| 20:28 | Bachicha val · first_market_sell 100 wood |
| 21:58 | WolfPaladin · first_market_buy 100 food |
| 22:04 | WolfPaladin · first_building Stable |
| 24:39 | WolfPaladin · age_up castle |
| 24:54 | Bachicha val · first_building Siege Workshop |
| 25:43 | WolfPaladin · first_market_sell 100 food |
| 28:15 | Bachicha val · first_building Monastery |
| 29:44 | WolfPaladin · first_building Siege Workshop |
| 31:37 | Bachicha val · wall_segment Palisade Wall x1 |
| 33:07 | Bachicha val · resign |
[ ANÁLISIS IA · 1 CRÉDITO ]
¿Qué pasó realmente en esta partida?
Wolo.gg analiza cada decisión: build order, eco, micro, errores típicos por bracket. Análisis personalizado por WhatsApp o Discord en 30 segundos.
Guía civ
Lituanos
Perfil
Jugador #754694